 Dungeon Crawl Stone Soup version 0.27.1-34-g3ba077fa99 (webtiles) character file.

Game seed: 15973662168737767087

132 Thatpatchoflichen the Slasher (level 4, 0/40 HPs)
             Began as a Minotaur Fighter on Jan 24, 2022.
             Was an Initiate of the Shining One.
             Slain by a lemure (7 damage)
             ... led by Pikel
             ... on level 2 of the Dungeon.
             The game lasted 00:06:03 (3157 turns).

Thatpatchoflichen the Slasher (Minotaur Fighter)    Turns: 3157, Time: 00:06:03

Health: 0/40       AC:  7    Str: 21    XL:     4   Next: 92%
Magic:  3/3        EV:  8    Int:  5    God:    the Shining One [......]
Gold:   138        SH:  9    Dex: 10    Spells: 3/3 levels left

rFire    . . .     SeeInvis .   a - +0 long sword
rCold    . . .     Faith    .   c - +0 kite shield
rNeg     . . .     Spirit   .   b - +0 scale mail
rPois    .         Reflect  .   (helmet restricted)
rElec    .         Harm     .   (no cloak)
rCorr    .         Rampage  .   (no gloves)
Will     .....                  (no boots)
Stlth    ..........             (no amulet)
HPRegen  0.13/turn              (no ring)
MPRegen  0.08/turn              (no ring)

@: glowing
A: horns 2, retaliatory headbutt
a: Renounce Religion


You were on level 2 of the Dungeon.
You worshipped the Shining One.
The Shining One was noncommittal.
You visited 1 branch of the dungeon, and saw 4 of its levels.

You collected 138 gold pieces.

Inventory:

Hand Weapons
 a - a +0 long sword (weapon)
Missiles
 k - 66 arrows
 m - 12 bolts
Armour
 b - a +0 scale mail (worn)
 c - a +0 kite shield (worn)
Jewellery
 i - a +4 ring of evasion
Scrolls
 e - 2 scrolls of vulnerability {unknown}
 f - 2 scrolls of identify {unknown}
 g - 2 scrolls of noise {unknown}
 h - a scroll of holy word {unknown}
 j - a scroll of enchant armour {unknown}
 l - a scroll of immolation {unknown}
Potions
 d - a potion of might
 n - a potion of haste {unknown}


   Skills:
 + Level 4.2 Fighting
 + Level 4.3 Long Blades
 + Level 4.2 Armour
 * Level 1.6 Dodging
 + Level 4.3 Shields


You had 3 spell levels left.
You didn't know any spells.
Your spell library was empty.

Dungeon Overview and Level Annotations

Branches:
Dungeon (4/15)
 Temple: D:4-7

Altars:
The Shining One

Annotations:
D:4 Pikel


Innate Abilities, Weirdness & Mutations

You have a pair of horns on your head.
You reflexively headbutt those who attack you in melee.


Message History

The lemure is heavily wounded.
The lemure hits you!
* * * LOW HITPOINT WARNING * * *
You block the lemure's attack.
You hit the lemure but do no damage. Your headbutt misses the lemure.
The lemure is moderately wounded.
The lemure hits you!
* * * LOW HITPOINT WARNING * * *
Okay, then.
The lemure hits you but does no damage.
There is a stone staircase leading up here.
The lemure hits you.
* * * LOW HITPOINT WARNING * * *
You climb upwards.
There is a stone staircase leading down here.
You closely miss the lemure. Your headbutt misses the lemure.
The lemure is moderately wounded.
You block the lemure's attack.
You miss the lemure. Your headbutt misses the lemure.
The lemure is moderately wounded.
You block the lemure's attack.
You hit the lemure.
The lemure is heavily wounded.
You block the lemure's attack. The lemure hits you but does no damage.
You closely miss the lemure.
The lemure is heavily wounded.
You block the lemure's attack.
You hit the lemure but do no damage.
The lemure is heavily wounded.
You block the lemure's attack. The lemure hits you but does no damage.
You barely miss the lemure.
The lemure is heavily wounded.
You block the lemure's attack.
You closely miss the lemure.
The lemure is heavily wounded.
The lemure hits you but does no damage.
Your scale mail prevents you from hitting the lemure.
The lemure is heavily wounded.
The lemure hits you!
You die...

P#.#P# ##.......##...............
.#.#.# #........##..#............
.#.#P# #.......###.##..#.#####...
P#.#b# ######.####.......# #...
b#.#.# ##.........).## #...
P#.#P# #......#####.### #...
.#.#b# #.####.# #P#.#.# #...
##.#### #.####[###.#.#P####...
##.##.### #.#..@5#P..#.#P..##...
).......####.#.##.#####.#######.#
#######.#≈#.....#.............#.#
#.#≈##.....<###########....
#.#≈#######.#P.PPPP..P#....
#..≈.# #.############... #..≈.#
#.# #....bP.##... ##.≈.# #.#
#.########..# ##≈## #.#
#.#.........#


You could see a lemure.

Vanquished Creatures
  2 lemures (D:3)
  4 gnolls (D:2)
  3 adders
  A dart slug (D:2)
  10 bats
  4 endoplasms
  A giant cockroach (D:2)
  12 goblins
  4 hobgoblins
  2 jackals (D:2)
  2 quokkas
  5 ball pythons
  4 frilled lizards (D:1)
  6 kobolds
  9 rats
69 creatures vanquished.

Notes
Turn   | Place    | Note
-------+----------+-------------------------------------------
     0 | D:1      | Thatpatchoflichen the Minotaur Fighter began the quest for
                  | the Orb.
     0 | D:1      | Reached XP level 1. HP: 19/19 MP: 0/0
   161 | D:1      | Reached XP level 2. HP: 27/27 MP: 1/1
   649 | D:1      | Reached XP level 3. HP: 33/33 MP: 2/2
  1434 | D:2      | Reached XP level 4. HP: 20/40 MP: 3/3
  1439 | D:2      | Reached skill level 1 in Dodging
  2647 | D:3      | Found a faded altar of an unknown god.
  2974 | D:3      | Found a glowing golden altar of the Shining One.
  2979 | D:3      | Became a worshipper of the Shining One
  3035 | D:4      | Noticed a lemure
  3036 | D:4      | Noticed a lemure
  3036 | D:4      | Noticed a lemure
  3036 | D:4      | Noticed a lemure
  3036 | D:4      | Noticed Pikel
  3047 | D:3      | Killed a lemure
  3117 | D:3      | Killed a lemure
  3157 | D:2      | Slain by a lemure

Illustrated notes

Levels and vault maps discovered:
D:1:      dpeg_cavernosity, layout_basic, minmay_pentomino_s4
D:2:      layout_loops_cross, serial_aquarium, aquarium_bridge_long_separate
          [aquarium_subvault_window, aquarium_subvault_bridge,
          aquarium_subvault_bridge, aquarium_subvault_bridge,
          aquarium_subvault_bridge, aquarium_subvault_bridge],
          aquarium_bridge_square [aquarium_subvault_bridge,
          aquarium_subvault_wall, aquarium_subvault_bridge,
          aquarium_subvault_wall], aquarium_window_corridor_1,
          aquarium_window_double, aquarium_window_1, aquarium_window_1,
          aquarium_view_2b, aquarium_view_2a, aquarium_balcony_3b,
          minmay_fountain_box, chequers_serial_rivers_micro_a
D:3:      layout_rooms, mainiacjoe_overflow_24_doors,
          shapermc_ecumenical_altar_pompeii, corexii_leaking_fountain
D:4:      cheibrodos_barr_body, layout_basic, kennysheep_mini,
          worldfamousw_hep_ancestral_shrine, chequers_ossuary_entry_cave,
          uniq_eustachio, uniq_pikel

Skill      XL: |  1  2  3  4 |
---------------+-------------+-----
Fighting       | 4 |  4.2
Shields        | 4 |  4.3
Long Blades    | 3 4 |  4.3
Armour         | 4 |  4.2
Dodging        | 1 |  1.6

Action                   |  1- 3 |  4- 6 || total
-------------------------+-------+-------++-------
Melee: Long sword        |    92 |    71 ||   163
       Headbutt          |    14 |    12 ||    26
Armor: Scale mail        |    87 |    28 ||   115
Dodge: Dodged            |    40 |    25 ||    65
Block: Kite shield       |    89 |    45 ||   134
       Rpst.: Long sword |    12 |     6 ||    18
